 Dungeon Crawl Stone Soup version 0.30-a0-738-g116ff8c4af (webtiles) character file.

Game seed: 340684131671336242

1316 KleinerIrrer the Basher (level 8, -5/88 HPs)
             Began as an Ogre Gladiator on Feb 3, 2023.
             Was a Believer of Okawaru.
             Slain by a vampire (10 damage)
             ... on level 6 of the Dungeon.
             The game lasted 00:09:34 (6725 turns).

KleinerIrrer the Basher (Ogre Gladiator)            Turns: 6725, Time: 00:09:35

Health: -5/88      AC:  4    Str: 21    XL:     8   Next: 59%
Magic:  8/8        EV: 10    Int:  9    God:    Okawaru [**....]
Gold:   327        SH:  0    Dex: 10    Spells: 7/7 levels left

rFire   . . .      SeeInvis .    r - +0 giant spiked club
rCold   + . .      Faith    .    (shield currently unavailable)
rNeg    . . .      Spirit   .    b - +0 robe
rPois   .          Reflect  .    k - +0 hat
rElec   .          Harm     .    c - +0 cloak
rCorr   .          Rampage  .    (gloves unavailable)
Will    +....                    (boots unavailable)
Stlth   +                        (no amulet)
HPRegen 0.34/turn                j - ring of willpower
MPRegen 0.11/turn                w - ring of protection from cold

@: hasted, very quick
A: large, unfitting armour, tough skin 1
a: Renounce Religion, Heroism


You were on level 6 of the Dungeon.
You worshipped Okawaru.
Okawaru was pleased with you.
You visited 1 branch of the dungeon, and saw 6 of its levels.

You collected 327 gold pieces.

Inventory:

Hand Weapons
 r - a +0 giant spiked club (weapon)
Missiles
 d - 2 throwing nets (quivered)
 e - a large rock
 m - 3 curare-tipped darts
 p - 6 datura-tipped darts
Armour
 b - a +0 robe (worn)
 c - a +0 cloak (worn)
 k - a +0 hat (worn)
Jewellery
 j - a ring of willpower (left hand)
 w - a ring of protection from cold (right hand)
 x - a +6 ring of intelligence
 A - a +4 ring of protection
Wands
 E - a wand of charming (6)
Scrolls
 a - 2 scrolls of identify
 f - 2 scrolls of teleportation {unknown}
 h - a scroll of torment
 o - 6 scrolls of vulnerability
 s - 2 scrolls of enchant weapon
 t - a scroll of fear {unknown}
 u - a scroll of silence
 B - a scroll of magic mapping {unknown}
 C - a scroll of fog {unknown}
Potions
 g - a potion of lignification
 n - a potion of flight
 q - a potion of brilliance
 v - a potion of resistance
 z - a potion of attraction {unknown}
 D - a potion of magic {unknown}


   Skills:
 + Level 8.1 Fighting
 * Level 8.1 Maces & Flails
 - Level 2.0 Throwing
 - Level 2.6 Dodging


You had 7 spell levels left.
You didn't know any spells.
Your spell library contained the following spells:

 Spells                   Type           Power      Damage    Failure   Level
 Sandblast                Erth           0%         2d4       38%         1
 Passwall                 Tmut/Erth      0%         N/A       52%         2
 Stone Arrow              Conj/Erth      0%         3d7       77%         3


Dungeon Overview and Level Annotations

Branches:
Dungeon (6/15)             Temple (0/1) D:4

Altars:
Elyvilon
Makhleb
Okawaru
Trog

Shops:
D:2 (

Portals:
Abyss: D:5

Annotations:
D:5 2 transporters, krgfvk's ghost, novice MiFi


Innate Abilities, Weirdness & Mutations

You are too large for most types of armour.
You have tough skin. (AC +1)


Message History

The wyvern bites you!
You impale the wyvern!!
The wyvern is almost dead.
The wyvern misses you.
The vampire gestures wildly while chanting.
The vampire flickers and vanishes!
Deactivating autopickup; reactivate with Ctrl-A.
The wyvern bites you!
You barely miss the wyvern.
The wyvern is almost dead.
The wyvern bites you. The wyvern bites you!
You closely miss the wyvern.
The wyvern is almost dead.
The wyvern closely misses you. x2
You barely miss the wyvern.
The wyvern is almost dead.
The wyvern bites you. The wyvern barely misses you.
You hit the wyvern but do no damage.
The wyvern is almost dead.
The wyvern bites you. The wyvern bites you! Something hits you.
Something bites you.
Something draws strength from your injuries!
The wyvern bites you!
* * * LOW HITPOINT WARNING * * *
You sock the wyvern!
You kill the wyvern!
Okawaru accepts your kill. Something hits you.
* * * LOW HITPOINT WARNING * * *
Something bites you.
* * * LOW HITPOINT WARNING * * *
Something draws strength from your injuries!
Something completely misses you. Something bites you!
* * * LOW HITPOINT WARNING * * *
Something draws strength from your injuries!
Your Fighting skill increases to level 8!
Your Maces & Flails skill increases to level 8!
Okay, then.
You feel yourself speed up. Something hits you!
You die...

#.....#......#....
#.....#......'....
#.....#......#....
#######.....#...##'#....
............#...#.>....#
............#...#......#
............#...#......#
............#...#......#
...[...@....'...'......#
......{....)#...#......#
##'####'##'####...#......#
#.....#........#...######......#
#.....#........#...##...#......#
#.....#........'....#<..#.......
#.....#.......##...##.S.#.......
#g....#.......##...##).)#.......
##... #..##...##...##...#.......


There were no monsters in sight!

Vanquished Creatures
  A wyvern (D:6)
  2 ice beasts (D:5)
  3 ogres (D:5)
  2 centaurs (D:6)
  A bullfrog (D:5)
  2 jellies
  A hound (D:4)
  6 iguanas
  Terence (D:3)
  An orc wizard (D:4)
  4 gnolls
  6 adders
  A shadow imp (D:6)
  2 white imps (D:6)
  4 ufetubi
  2 worms
  2 dart slugs
  12 orcs
  6 bats
  6 giant cockroaches
  6 hobgoblins
  5 quokkas
  4 ball pythons
  3 frilled lizards
  4 goblins
  4 kobolds
  2 rats (D:1)
93 creatures vanquished.

Notes
Turn   | Place    | Note
-------+----------+-------------------------------------------
     0 | D:1      | KleinerIrrer the Ogre Gladiator began the quest for the
                  | Orb.
     0 | D:1      | Reached XP level 1. HP: 22/22 MP: 1/1
   249 | D:1      | Reached XP level 2. HP: 23/31 MP: 2/2
  1030 | D:2      | Reached XP level 3. HP: 35/37 MP: 3/3
  1183 | D:2      | Reached XP level 4. HP: 36/48 MP: 4/4
  1284 | D:2      | Found Adofud Empyn's Antique Weapon Boutique.
  1805 | D:3      | Noticed Terence
  1813 | D:3      | Killed Terence
  1922 | D:3      | Found an iron altar of Okawaru.
  1943 | D:3      | Became a worshipper of Warmaster Okawaru
  2226 | D:4      | Reached XP level 5. HP: 48/55 MP: 5/5
  2311 | D:4      | Found a white marble altar of Elyvilon.
  2440 | D:4      | Found a staircase to the Ecumenical Temple.
  2658 | D:4      | Found a burning altar of Makhleb.
  2714 | D:4      | Reached skill level 5 in Fighting
  2714 | D:4      | Reached skill level 5 in Maces & Flails
  2714 | D:4      | Reached XP level 6. HP: 45/66 MP: 6/6
  3137 | D:5      | Entered Level 5 of the Dungeon
  3252 | D:5      | Noticed an ice beast
  3274 | D:5      | Killed an ice beast
  3274 | D:5      | Reached * piety under Okawaru
  3404 | D:5      | Reached XP level 7. HP: 73/74 MP: 7/7
  3571 | D:5      | Found a bloodstained altar of Trog.
  3682 | D:5      | Found a transporter.
  4438 | D:5      | Identified the +7 trident "Sengif" {speed, Dex+3}
  4573 | D:5      | Found a one-way gate to the infinite horrors of the Abyss.
  4573 | D:5      | Noticed krgfvk's ghost (novice MiFi)
  4588 | D:5      | Found a transporter.
  4589 | D:5      | Noticed a small abomination
  4760 | D:6      | Noticed a vampire
  4962 | D:6      | Noticed a wyvern
  5724 | D:5      | Reached XP level 8. HP: 16/87 MP: 8/8
  6021 | D:6      | Reached ** piety under Okawaru
  6724 | D:6      | Killed a wyvern
  6724 | D:6      | HP: 4/88 [something (11)]
  6725 | D:6      | Slain by a vampire

Illustrated notes

Levels and vault maps discovered:
D:1:      lightli_molten_gateway, layout_loops_ring, serial_bayou_ford_a
D:2:      layout_basic, serial_shops, shop, chequers_serial_rivers_large_b
D:3:      layout_rooms, okawaru_metal_pillars_3, uniq_terence
D:4:      layout_loops_ring, mainiacjoe_overflow_chevrons,
          mainiacjoe_overflow_surrounded_room, minmay_temple_entry_stoned_glass
D:5:      layout_loops_ring, kennysheep_mini_moat,
          gammafunk_ghost_abyssal_escape, st_stairs_11, minmay_misc_feat_five,
          minmay_liquid_box, nicolae_titane
D:6:      layout_gridville

Skill      XL: |  1  2  3  4  5  6  7  8 |
---------------+-------------------------+-----
Maces & Flails | 3 4 5 7 8 |  8.1
Fighting       | 3 4 5 7 8 |  8.1
Throwing       | |  2.0
Dodging        | |  2.6

Action                     |  1- 3 |  4- 6 |  7- 9 || total
---------------------------+-------+-------+-------++-------
  Melee: Quarterstaff      |   105 |   138 |    84 ||   327
         Flail             |     5 |       |       ||     5
         Giant spiked club |       |       |    36 ||    36
  Throw: Throwing net      |       |     1 |       ||     1
    Use: Potion            |       |     3 |     3 ||     6
         Scroll            |       |     5 |     1 ||     6
   Stab: Sleeping          |     1 |       |       ||     1
         Held in net/web   |       |     1 |       ||     1
 Armour: Robe              |    50 |    39 |    45 ||   134
         Skin              |       |       |     1 ||     1
  Dodge: Dodged            |    86 |    78 |    85 ||   249

Table legend: (Time is in decaauts)
 A = Elapsed time spent in this place.
 B = Non-inter-level travel time spent in this place.
 C = Inter-level travel time spent in this place.
 D = Time resting spent in this place.
 E = Time spent auto-exploring this place.
 F = Levels seen in this place.
 G = Mean time per level.
                   A        B        C        D        E       F      G
               +--------+--------+--------+--------+--------+-----+--------+
         Total |   6759 |   6426 |    333 |   1673 |   3694 |   6 | 1126.5 |
       Dungeon |   6759 |   6426 |    333 |   1673 |   3694 |   6 | 1126.5 |
               +--------+--------+--------+--------+--------+-----+--------+

Top non-repeatable levels by time:
     D:5: 2170 daAuts
     D:4: 1208 daAuts
     D:6: 1167 daAuts
     D:1: 938 daAuts
     D:2: 663 daAuts
     D:3: 611 daAuts
